[ AOE2 MATCH · #506422011 ]
UnrankedEthiopians vs Tatars
Player's team · WIN
Rival team · LOSS
[ REPLAY ANALYSIS · EXTRACTED FROM THE RECORDED GAME ]
Feudal
10:14
Castle
—
Imperial
—
| APM avg | 45.6 |
| APM peak | 81 |
| eAPM avg | 17.0 |
| Villagers / military | 35 / 13 |
Focus
⚔️ 35.6% · 🌾 64.4%
Archer ×10 · Militia ×3
Feudal
10:11
Castle
—
Imperial
—
| APM avg | 32.6 |
| APM peak | 54 |
| eAPM avg | 18.5 |
| Villagers / military | 32 / 9 |
Focus
⚔️ 36.8% · 🌾 63.2%
Archer ×5 · Skirmisher ×4
Match map
Initial resources + every placement click. Lines = walls · curves = elevation contours. ◆ gold · ⬟ stone · ● berries · ✦ relic · ◌ wall gap
Your base· Open — unwalled flank
Herr Paschulke's base· Open — unwalled flank
Smoothed initial terrain · ◌ = detected wall gap · hover for details
Inputs per minute
— [RGV]saltychobos - - Herr Paschulke
Build order — [RGV]saltychobos
85 actions detected in the replay
| 0:00 | Queue | Villager (Male) |
| 0:02 | Build | House |
| 0:03 | Build | House |
| 0:14 | Queue | Villager (Male) ×3 |
| 1:34 | Queue | Villager (Male) |
| 1:58 | Build | Lumber Camp |
| 1:59 | Queue | Villager (Male) |
| 2:17 | Queue | Villager (Male) |
| 2:44 | Queue | Villager (Male) |
| 2:59 | Queue | Villager (Male) |
| 3:33 | Queue | Villager (Male) |
| 3:51 | Build | House |
| 3:51 | Queue | Villager (Male) |
| 4:30 | Build | Barracks |
| 4:36 | Queue | Villager (Male) |
| 4:48 | Queue | Villager (Male) |
| 4:53 | Build | House |
| 5:23 | Queue | Villager (Male) |
| 5:25 | Queue | Militia |
| 5:37 | Queue | Villager (Male) |
| 5:52 | Queue | Militia |
| 5:52 | Queue | Militia |
| 6:14 | Build | House |
| 6:24 | Queue | Villager (Male) |
| 6:41 | Queue | Villager (Male) |
| 6:44 | Build | Mill |
| 7:11 | Queue | Villager (Male) |
| 7:26 | Research | Loom |
| 8:05 | Research | Feudal Age |
| 8:28 | Build | Mining Camp |
| 9:59 | Queue | Villager (Male) |
| 10:14 | Age | Feudal Age |
| 10:18 | Research | Man-at-Arms (upgrade) |
| 10:21 | Research | Double-Bit Axe |
| 10:24 | Build | Archery Range |
| 10:31 | Build | House |
| 10:34 | Queue | Villager (Male) |
| 10:48 | Build | Farm |
| 10:50 | Research | Horse Collar |
| 10:51 | Queue | Villager (Male) |
| 10:56 | Build | Farm |
| 10:57 | Build | Farm |
| 11:17 | Queue | Villager (Male) |
| 11:19 | Queue | Archer |
| 11:19 | Queue | Archer |
| 11:36 | Queue | Villager (Male) |
| 11:39 | Build | Farm |
| 11:40 | Build | Farm |
| 11:44 | Build | Farm |
| 12:03 | Build | Farm |
| 12:07 | Queue | Villager (Male) |
| 12:13 | Build | House |
| 12:14 | Build | House |
| 12:54 | Queue | Villager (Male) |
| 12:54 | Queue | Villager (Male) |
| 12:55 | Queue | Archer |
| 12:55 | Queue | Archer |
| 13:01 | Build | Blacksmith |
| 13:44 | Queue | Villager (Male) |
| 13:45 | Queue | Archer |
| 14:01 | Build | House |
| 14:03 | Queue | Villager (Male) |
| 14:07 | Build | Farm |
| 14:10 | Build | Farm |
| 14:11 | Queue | Archer |
| 14:13 | Research | Fletching |
| 14:38 | Queue | Villager (Male) |
| 14:38 | Queue | Villager (Male) |
| 14:41 | Build | Farm |
| 14:45 | Build | Farm |
| 14:46 | Build | Farm |
| 14:50 | Build | Farm |
| 14:53 | Queue | Archer |
| 15:14 | Queue | Villager (Male) |
| 15:41 | Queue | Villager (Male) |
| 15:43 | Queue | Archer |
| 15:46 | Build | Farm |
| 15:49 | Build | Farm |
| 15:55 | Build | Farm |
| 16:11 | Queue | Villager (Male) |
| 16:11 | Queue | Villager (Male) |
| 16:12 | Queue | Archer |
| 16:12 | Queue | Archer |
| 16:21 | Queue | Villager (Male) |
| 16:24 | Build | Farm |
Build order — Herr Paschulke
95 actions detected in the replay
| 0:00 | Queue | Villager (Male) |
| 0:01 | Queue | Villager (Male) |
| 0:01 | Queue | Villager (Male) |
| 0:02 | Queue | Villager (Male) |
| 0:02 | Build | House |
| 0:04 | Build | House |
| 1:25 | Queue | Villager (Male) |
| 1:59 | Queue | Villager (Male) |
| 2:24 | Build | Lumber Camp |
| 2:32 | Queue | Villager (Male) |
| 2:50 | Build | Palisade Wall |
| 2:56 | Queue | Villager (Male) |
| 2:57 | Queue | Villager (Male) |
| 3:43 | Queue | Villager (Male) |
| 3:50 | Build | House |
| 4:02 | Queue | Villager (Male) |
| 4:25 | Build | House |
| 4:33 | Queue | Villager (Male) |
| 4:33 | Queue | Villager (Male) |
| 4:43 | Build | Mill |
| 5:01 | Build | Palisade Wall |
| 5:01 | Build | Palisade Wall |
| 5:03 | Queue | Villager (Male) |
| 5:27 | Queue | Villager (Male) |
| 5:36 | Queue | Villager (Male) |
| 5:42 | Build | Palisade Wall |
| 5:53 | Build | Palisade Wall |
| 5:54 | Queue | Villager (Male) |
| 6:20 | Build | Palisade Wall |
| 6:50 | Build | Palisade Wall |
| 6:56 | Build | Palisade Wall |
| 7:11 | Queue | Villager (Male) |
| 7:21 | Build | Palisade Wall |
| 7:24 | Research | Loom |
| 7:28 | Build | Palisade Wall |
| 7:31 | Build | Palisade Wall |
| 7:44 | Build | Palisade Wall |
| 8:01 | Research | Feudal Age |
| 8:25 | Build | Barracks |
| 8:51 | Build | Palisade Wall |
| 9:16 | Build | Palisade Wall |
| 9:18 | Build | Palisade Wall |
| 9:20 | Queue | Villager (Male) |
| 9:40 | Queue | Villager (Male) |
| 10:11 | Age | Feudal Age |
| 10:15 | Queue | Villager (Male) |
| 10:27 | Build | Archery Range |
| 10:27 | Queue | Villager (Male) |
| 10:56 | Build | Mining Camp |
| 11:09 | Build | Palisade Wall |
| 11:22 | Build | House |
| 11:28 | Queue | Villager (Male) |
| 11:29 | Queue | Archer |
| 11:36 | Build | Palisade Wall |
| 11:42 | Queue | Villager (Male) |
| 11:47 | Build | House |
| 11:51 | Build | Palisade Wall |
| 11:55 | Research | Town Watch |
| 12:04 | Build | Palisade Wall |
| 12:09 | Build | House |
| 12:11 | Build | Palisade Wall |
| 12:17 | Research | Double-Bit Axe |
| 12:30 | Build | Palisade Wall |
| 12:38 | Queue | Skirmisher |
| 12:43 | Queue | Villager (Male) |
| 12:45 | Research | Horse Collar |
| 12:53 | Queue | Archer |
| 13:03 | Build | House |
| 13:07 | Build | Palisade Wall |
| 13:09 | Queue | Villager (Male) |
| 13:13 | Queue | Archer |
| 13:19 | Build | House |
| 13:25 | Queue | Villager (Male) |
| 13:48 | Queue | Villager (Male) |
| 14:29 | Queue | Skirmisher |
| 14:42 | Build | House |
| 14:46 | Queue | Villager (Male) |
| 14:50 | Queue | Villager (Male) |
| 15:00 | Queue | Villager (Male) |
| 15:06 | Build | Farm |
| 15:06 | Build | Farm |
| 15:07 | Build | Farm |
| 15:07 | Build | Farm |
| 15:15 | Queue | Archer |
| 15:25 | Build | Lumber Camp |
| 15:35 | Build | House |
| 15:36 | Build | Palisade Wall |
| 15:40 | Queue | Archer |
| 15:52 | Queue | Villager (Male) |
| 16:07 | Queue | Skirmisher |
| 16:07 | Queue | Skirmisher |
| 16:11 | Build | Farm |
| 16:27 | Build | Farm |
| 16:28 | Build | Farm |
| 16:32 | Build | Farm |
Match timeline
| 2:50 | Herr Paschulke · wall_segment Palisade Wall x1 |
| 4:30 | [RGV]saltychobos · first_building Barracks |
| 5:01 | Herr Paschulke · wall_segment Palisade Wall x16 |
| 5:01 | Herr Paschulke · wall_segment Palisade Wall x1 |
| 5:42 | Herr Paschulke · wall_segment Palisade Wall x1 |
| 5:53 | Herr Paschulke · wall_segment Palisade Wall x12 |
| 6:20 | Herr Paschulke · wall_segment Palisade Wall x8 |
| 6:50 | Herr Paschulke · wall_segment Palisade Wall x1 |
| 6:56 | Herr Paschulke · wall_segment Palisade Wall x6 |
| 7:21 | Herr Paschulke · wall_segment Palisade Wall x3 |
| 7:28 | Herr Paschulke · wall_segment Palisade Wall x5 |
| 7:31 | Herr Paschulke · wall_segment Palisade Wall x11 |
| 7:44 | Herr Paschulke · wall_segment Palisade Wall x16 |
| 8:25 | Herr Paschulke · first_building Barracks |
| 8:51 | Herr Paschulke · wall_segment Palisade Wall x1 |
| 9:16 | Herr Paschulke · wall_segment Palisade Wall x1 |
| 9:18 | Herr Paschulke · wall_segment Palisade Wall x1 |
| 10:11 | Herr Paschulke · age_up feudal |
| 10:14 | [RGV]saltychobos · age_up feudal |
| 10:24 | [RGV]saltychobos · first_building Archery Range |
| 10:27 | Herr Paschulke · first_building Archery Range |
| 11:09 | Herr Paschulke · wall_segment Palisade Wall x1 |
| 11:36 | Herr Paschulke · wall_segment Palisade Wall x1 |
| 11:51 | Herr Paschulke · wall_segment Palisade Wall x1 |
| 12:04 | Herr Paschulke · wall_segment Palisade Wall x1 |
| 12:11 | Herr Paschulke · wall_segment Palisade Wall x8 |
| 12:30 | Herr Paschulke · wall_segment Palisade Wall x1 |
| 13:07 | Herr Paschulke · wall_segment Palisade Wall x1 |
| 15:36 | Herr Paschulke · wall_segment Palisade Wall x8 |
| 16:39 | Herr Paschulke · resign |
[ AI ANALYSIS · 1 CREDIT ]
What really happened in this match?
Wolo.gg analyzes every decision: build order, eco, micro, common mistakes by bracket. Personalized analysis on WhatsApp or Discord in 30 seconds.
Civ guide
Ethiopians
Perfil
Jugador #22025386